 Dungeon Crawl Stone Soup version 0.30-a0-292-g0f741e3f8e (webtiles) character file.

Game seed: 4364457916503603976

83 lampshaded the Cudgeller (level 4, -3/39 HPs)
             Began as an Armataur Fighter on Oct 17, 2022.
             Slain by a gnoll
             ... wielding a +2 spear of venom
              (6 damage)
             ... on level 3 of the Dungeon.
             The game lasted 00:04:13 (2069 turns).

lampshaded the Cudgeller (Armataur Fighter)         Turns: 2069, Time: 00:04:13

Health: -3/39      AC: 10    Str: 23    XL:     4   Next: 22%
Magic:  4/4        EV:  5    Int:  8    God:
Gold:   47         SH:  4    Dex: 10    Spells: 3/3 levels left

rFire   . . .      SeeInvis .    s - +2 mace (vorpal)
rCold   . . .      Faith    .    c - +0 buckler
rNeg    . . .      Spirit   .    j - +0 chain mail
rPois   .          Reflect  .    k - +0 helmet
rElec   .          Harm     .    m - scarf {repulsion}
rCorr   .          Roll     +    n - +0 pair of gloves
Will    .....                    (no barding)
Stlth   ..........               (no amulet)
HPRegen 0.26/turn                (no ring)
MPRegen 0.09/turn                (no ring)

@: mighty, lethally poisoned (-3 -> -19), repel missiles
A: large, rugged brown scales 3, deformed body, armoured tail, roll, long
tongue, awkward tongue
a: no special abilities


You were on level 3 of the Dungeon.
You visited 1 branch of the dungeon, and saw 3 of its levels.

You collected 47 gold pieces.

Inventory:

Hand Weapons
 s - a +2 vorpal mace (weapon)
Missiles
 i - 2 throwing nets (quivered)
Armour
 c - a +0 buckler (worn)
 j - a +0 chain mail (worn)
 k - a +0 helmet (worn)
 m - a scarf of repulsion (worn)
 n - a +0 pair of gloves (worn)
Scrolls
 b - a scroll of noise {unknown}
 f - 2 scrolls of identify {unknown}
 g - 2 scrolls of enchant weapon {unknown}
 o - 3 scrolls of fear {unknown}
 p - a scroll of blinking {unknown}
 q - a scroll of teleportation {unknown}
 r - a scroll of amnesia {unknown}
Potions
 a - a potion of mutation {unknown}
 e - 3 potions of heal wounds {unknown}
 h - 2 potions of flight {unknown}
 l - a potion of curing {unknown}


   Skills:
 - Level 2.6 Fighting
 * Level 4.1 Maces & Flails
 - Level 3.6 Armour
 - Level 3.2 Shields


You had 3 spell levels left.
You didn't know any spells.
Your spell library was empty.

Dungeon Overview and Level Annotations

Branches:
Dungeon (3/15)

Altars:
Xom

Shops:
D:1 *


Innate Abilities, Weirdness & Mutations

You are completely covered in rugged brown scales. (AC +3, +7% HP)
Armour fits poorly on your strangely shaped body.
You have a long armoured tail.
You roll when moving toward enemies. (Rampage)
Your long tongue fully drains potion bottles. (2x potion effects)
Your tongue gives you trouble enunciating. (1.5x scroll delay)


Message History

You feel sick. The gnoll hits you with a +0 club.
You sock the gnoll!
You kill the gnoll!
You feel sick.
You are no longer poisoned.
You sock the gnoll!
The gnoll is almost dead.
The gnoll hits you but does no damage.
You bludgeon the gnoll!!
You kill the gnoll!
The gnoll hits you but does no damage.
Your Maces & Flails skill increases to level 4!
You have reached level 4!
You feel agile.
You roll towards the gnoll!
You barely miss the gnoll.
The gnoll is severely wounded.
The gnoll hits you but does no damage. The gnoll completely misses you.
The gnoll hits you with a +0 spear. You block the gnoll's attack.
You sock the gnoll!
You kill the gnoll!
The gnoll hits you from afar with a +2 spear of venom.
You are poisoned.
You roll towards the gnoll!
You closely miss the gnoll.
You feel very sick. The gnoll hits you but does no damage.
You barely miss the gnoll.
You feel sick. The gnoll hits you but does no damage.
You are lethally poisoned!
You barely miss the gnoll.
* * * LOW HITPOINT WARNING * * *
You feel very sick. The gnoll hits you but does no damage.
You are more poisoned.
You block the gnoll's attack.
You sock the gnoll!
The gnoll is severely wounded.
* * * LOW HITPOINT WARNING * * *
You feel very sick.
The gnoll hits you with a +2 spear of venom.
You die...

#.###########.##
##........#
#.#........#...##
##.....#.#
#.#.######[.....#####<..##
#........#.#........##..#
###.#......##.#.....###.#
#.#...................#
#.#......##.#.....#####
#........##)#.....#
###########@####### #g#
##.####### #..).....#
#........# #...........
#.#........##
..###.......# .##
........#


You could see a gnoll.

Vanquished Creatures
  3 gnolls (D:3)
  2 dart slugs
  2 bats (D:1)
  5 endoplasms
  2 giant cockroaches (D:1)
  7 goblins
  3 hobgoblins (D:1)
  5 jackals (D:2)
  2 quokkas (D:2)
  4 ball pythons
  A frilled lizard (D:2)
  8 kobolds
44 creatures vanquished.

Notes
Turn   | Place    | Note
-------+----------+-------------------------------------------
     0 | D:1      | lampshaded the Armataur Fighter began the quest for the
                  | Orb.
     0 | D:1      | Reached XP level 1. HP: 19/19 MP: 1/1
   122 | D:1      | Reached skill level 2 in Maces & Flails
   150 | D:1      | Found Ileipoluebb's General Store.
   177 | D:1      | Reached XP level 2. HP: 26/26 MP: 2/2
   508 | D:1      | Reached skill level 3 in Maces & Flails
  1109 | D:2      | Reached XP level 3. HP: 32/32 MP: 3/3
  1950 | D:3      | Found a shimmering altar of Xom.
  1951 | D:3      | Found a shimmering altar of Xom.
  1951 | D:3      | Found a shimmering altar of Xom.
  2064 | D:3      | Reached skill level 4 in Maces & Flails
  2064 | D:3      | Reached XP level 4. HP: 20/39 MP: 4/4
  2069 | D:3      | Slain by a gnoll

Illustrated notes

Levels and vault maps discovered:
D:1:      lemuel_arrival_muddy, layout_loops_corners, serial_shops,
          nicolae_shop_statue_plus, minmay_curled_crystal,
          chequers_serial_rivers_micro_a
D:2:      minmay_kobold_bridge, layout_loops_cross
D:3:      layout_loops_corners, xom_redecorated, serial_forest,
          infiniplex_forest_straight_1, infiniplex_forest_lined_room_2,
          infiniplex_forest_straight_1, infiniplex_forest_3_way,
          uniq_crazy_yiuf_cottage

Skill      XL: |  1  2  3 |
---------------+----------+-----
Maces & Flails | 2 3 4 |  4.1
Fighting       | |  2.6
Armour         | |  3.6
Shields        | |  3.2

Action                   |  1- 3 |  4- 6 || total
-------------------------+-------+-------++-------
Melee: Flail             |   102 |       ||   102
       Tailslap          |    10 |       ||    10
       Mace              |    13 |     6 ||    19
  Use: Potion            |     1 |       ||     1
Armor: Scale mail        |    21 |       ||    21
       Chain mail        |    59 |     4 ||    63
Dodge: Dodged            |    40 |     1 ||    41
Block: Buckler           |    20 |     2 ||    22

Table legend: (Time is in decaauts)
 A = Elapsed time spent in this place.
 B = Non-inter-level travel time spent in this place.
 C = Inter-level travel time spent in this place.
 D = Time resting spent in this place.
 E = Time spent auto-exploring this place.
 F = Levels seen in this place.
 G = Mean time per level.
                   A        B        C        D        E       F      G
               +--------+--------+--------+--------+--------+-----+--------+
         Total |   2104 |   1963 |    141 |      0 |   1584 |   3 |  701.3 |
       Dungeon |   2104 |   1963 |    141 |      0 |   1584 |   3 |  701.3 |
               +--------+--------+--------+--------+--------+-----+--------+

Top non-repeatable levels by time:
     D:1: 1062 daAuts
     D:2: 842 daAuts
     D:3: 199 daAuts
